Description

This is mostly just a worse version of a marauder 3 rax, but I suppose it could catch your opponent off guard. In any case, it's definitely a meme build.

Replay - TvP_Ghost_3Rax

Build Order

Get SALT Encoding   

  12  0:00  SCV  
  13  0:12  SCV  
  14  0:18  Supply Depot  
  14  0:24  SCV  
  15  0:39  SCV  
  15  0:40  Barracks  
  16  0:45  Refinery  
  16  0:51  SCV  
  17  1:03  SCV  
  18  1:15  SCV, Action  Send SCV to scout
  19  1:28  Marine  
  19  1:30  Orbital Command  
  20  1:45  Command Center  
  20  1:48  Barracks Reactor  
  20  1:55  SCV  
  20  2:00  Supply Depot  
  21  2:08  SCV  
  22  2:20  SCV  
  23  2:24  Marine x2  
  25  2:36  Barracks x2  
  26  2:44  Marine x2  
  29  2:58  Orbital Command  
  29  3:03  Marine x2  
  33  3:20  Refinery  
  33  3:21  Marine x2  
  33  3:25  Barracks Tech Lab x2  
  35  3:30  Ghost Academy  
  35  3:32  Supply Depot  
  37  3:39  Marine  
  46  4:02  Supply Depot  
  46  4:05  Ghost x2  
  57  4:30  Supply Depot  
  60  4:36  Marine x3  
Spawning Tool Build Advisor. Get it on Overwolf

Analysis

When the final round of marines (made after the ghosts) finishes up, move out. When you arrive, you should have 2 EMPs and 2 snipes total. If your opponent goes for sentries and/or adepts, the push might just work out.

Go to:

Details

  • Created by: ButterBleach
  • Published on: Jan 17, 2022
  • Modified on: Jan 17, 2022
  • Patch: 4.11.0
  • Difficulty: Medium
Show
View Real Time Build Order
Export as new Build Order

Comments (1)

On Jan. 18, 2022, 5:41 a.m., movemen9jji1jimmy  said:

absurd build orders

Create an account to comment!